 Dungeon Crawl Stone Soup version 0.32-a0-705-g60f233581c (webtiles) character file.

Game seed: 14407571176565161207

13573 Ruich the Skirmisher (level 11, -5/130 HPs)
             Began as a Demigod Hunter on Mar 14, 2024.
             Slain by a minotaur
             ... wielding the +10 morningstar "Eos" {elec, Halo rElec}
              (17 damage)
             ... in a Gauntlet.
             The game lasted 00:42:35 (11667 turns).

Ruich the Skirmisher (Demigod Hunter)              Turns: 11667, Time: 00:42:36

Health: -5/130     AC: 25    Str: 16    XL:     11   Next: 49%
Magic:  14/14      EV:  2    Int: 19    God:
Gold:   316        SH:  5    Dex: 29    Spells: 10/10 levels left

rFire   + . .        a - +0 arbalest
rCold   x . .        (shield currently unavailable)
rNeg    . . .        c - melded +0 leather armour
rPois   +            U - melded +1 helmet {SInv}
rElec   .            i - melded scarf "Alusm" {rC+ rF+, Regen+}
rCorr   .            v - melded +1 pair of gloves
SInv    +            L - melded +0 pair of boots
Will    ++...        b - amulet "Plog" {Reflect Str-4 Int+8 SH+5 SInv}
Stlth   ++           P - ring "Wunamme" {^Drain rPois rF+ rC- Str+8}
HPRegen 0.41/turn    I - ring of willpower
MPRegen 0.14/turn

%: no teleportation, reflection
@: mighty, tree-form (expiring), glowing
A: stationary, stasis, torment immunity, boosted hp, high MP 1, forlorn, divine
attributes, frail 1
a: no special abilities


You were in a Gauntlet.
You were a tree.
You visited 2 branches of the dungeon, and saw 11 of its levels.
You also visited: Ossuary, Bailey and Gauntlet.

You collected 576 gold pieces.
You spent 260 gold pieces at shops.


Innate Abilities, Weirdness & Mutations

You are a tree.
Your roots penetrate the ground, keeping you stationary.
You cannot be teleported.
You are immune to unholy pain and torment.
Your maximum health is greatly increased.
Your equipment is partially melded.
You have an increased reservoir of magic. (+10% MP)
You shall have no god before yourself.
Your divine heritage dramatically boosts your attributes as you level up.
You are frail. (-10% HP)


   Skills:
 + Level 9.3 Fighting
 * Level 13.2 Ranged Weapons
 + Level 6.7 Dodging
 - Level 5.0 Stealth


You had 10 spell levels left.
You didn't know any spells.
Your spell library contained the following spells:

 Spells                   Type           Power      Damage    Failure   Level
 Freeze                   Ice            0%         1d3       21%         1
 Shock                    Conj/Air       0%         1d3       21%         1
 Mercury Vapours          Alch/Air       0%         N/A       30%         2
 Frozen Ramparts          Ice            0%         1d1       52%         3
 Hailstorm                Conj/Ice       0%         3d5       52%         3
 Mephitic Cloud           Conj/Alch/Air  0%         N/A       52%         3
 Ozocubu's Armour         Ice            0%         N/A       52%         3
 Swiftness                Air            0%         N/A       52%         3
 Volatile Blastmotes      Fire/Tloc      0%         2d10      52%         3
 Airstrike                Air            0%         2d(0-16)  90%         4
 Fulminant Prism          Conj/Alch      0%         3d5       90%         4
 Iskenderun's Mystic Bla  Conj/Tloc      0%         2d3       90%         4
 Freezing Cloud           Conj/Ice/Air   0%         6-21      99%         5
 Metabolic Englaciation   Hex/Ice        0%         N/A       99%         5

Inventory:

Hand Weapons
 a - a +0 arbalest (weapon)
 o - the +11 quarterstaff "Ysynny" {antimagic, Will+ Str+6}
   (You found it on level 3 of the Dungeon)

   Str+6:     It affects your strength (+6).
   Will+:     It increases your willpower.
 u - a +0 dagger of speed
 J - a +0 orcbow
Missiles
 l - 28 poisoned darts
 q - a throwing net {=f}
 D - 4 atropa-tipped darts
 R - 5 datura-tipped darts
Armour
 c - a +0 leather armour (melded)
 i - the scarf "Alusm" (melded) {rC+ rF+, Regen+}
   (You acquired it on level 4 of the Dungeon)

   Regen+:    It increases your rate of health regeneration.
 v - a +1 pair of gloves (melded)
 L - a +0 pair of boots (melded)
 T - the +9 plate armour of Alujeik {-Cast rPois Dex+7 Stlth+}
   (You took it off an orc warrior in a bailey)

   Dex+7:     It affects your dexterity (+7).
   rPois:     It protects you from poison.
   -Cast:     It prevents spellcasting.
   Stlth+:    It makes you more stealthy.
 U - a +1 helmet of see invisible (melded)
Magical Staves
 N - a staff of alchemy {!a}
Jewellery
 b - the amulet "Plog" (around neck) {Reflect Str-4 Int+8 SH+5 SInv}
   (You found it in a Gauntlet)

   [amulet of reflection]

   Reflect:   It reflects blocked missile attacks.
   Str-4:     It affects your strength (-4).
   Int+8:     It affects your intelligence (+8).
   SInv:      It lets you see invisible.
   SH+5:      It affects your SH (+5).
 d - an amulet of guardian spirit
 j - a +4 ring of protection
 I - a ring of willpower (right branch)
 M - a ring of flight
 P - the ring "Wunamme" (left branch) {^Drain rPois rF+ rC- Str+8}
   (You acquired it on level 6 of the Dungeon)

   [ring of protection from fire]

   Str+8:     It affects your strength (+8).
   rF+:       It protects you from fire.
   rC-:       It makes you vulnerable to cold.
   rPois:     It protects you from poison.
   ^Drain:    It drains your maximum health when unequipped.
 S - a ring of fire
Talismans
 s - a granite talisman
Wands
 w - a wand of roots (6)
 y - a wand of digging (3)
 K - a wand of flame (58)
Scrolls
 x - a scroll of amnesia
 z - a scroll of vulnerability
 C - a scroll of teleportation {@r2}
 G - a scroll of enchant weapon
 O - a scroll of identify {@r1}
Potions
 e - 3 potions of attraction
 g - 2 potions of brilliance
 h - a potion of cancellation {unknown}
 m - 5 potions of curing {@q1}
 p - 2 potions of lignification
 r - a potion of haste {unknown}
 A - 2 potions of might
 F - a potion of enlightenment {unknown}
 H - a potion of ambrosia {unknown}
 Q - a potion of berserk rage {unknown}

Dungeon Overview and Level Annotations

Branches:
Dungeon (10/15) Zot: 25792  Temple (0/1) D:4            Lair (1/5) D:10 Zot: 5919
    Orc (0/2) D:10        Ossuary (visited)          Bailey (visited)
Gauntlet (1/1) Zot: 5422

Shops:
D:6 *

Annotations:
D:8 3 runed translucent doors, KSaturn's ghost, journeyman FoEE Gauntlet 5 transporters, 1 runed translucent door

#≈ #.#....##.©.#...#.#...
#≈≈.#.#.##.##.ß.#.ß.#.###.
#≈∩...'H##....©.#.∩.#.#.©.
#≈≈.#.#.##.##.ß.#.ß.#...##
# # #....##.©.#...#.#...
#.##.##.ß.#...#...©.
#.##....©.#.ß.######
#.##.##.ß.#.⌠.#ß..©#
#.H♣.##...#.ß.#©...#
#######...#...#ß..©#
#≈≈≈#...######
##≈###..###... ##
##.###... ##≈.#..'##
#≈≈.#..#©# ##≈.#..##+
##.###...


You could see a minotaur (extremely poisoned).


Message History

You shoot a bolt. The bolt barely misses the minotaur.
The minotaur is engulfed in poison gas.
The minotaur looks as sick as possible!
The minotaur throws a javelin.
The javelin pierces through you but does no damage.
Fire: a) +0 arbalest
Press: ? - help, Shift-Dir - straight line, f/p - minotaur
Aim: a minotaur, wielding a +0 sling, wearing a +0 plate armour and quivering javelins (severely wounded, extremely poisoned, haloed, 82% to hit)
You shoot a bolt. The minotaur is severely wounded.
Unknown command.
Fire: a) +0 arbalest
Press: ? - help, Shift-Dir - straight line, f/p - minotaur
Aim: a minotaur, wielding a +0 sling, wearing a +0 plate armour and quivering javelins (severely wounded, extremely poisoned, haloed, 82% to hit)
You shoot a bolt. The minotaur is almost dead.
The minotaur unwields a +0 sling.
The minotaur wields the +10 morningstar "Eos" {elec, Halo rElec}.
You hear the crackle of electricity.
* * * LOW HITPOINT WARNING * * *
You are electrocuted!
* * * LOW HITPOINT WARNING * * *
You block the minotaur's attack.
Fire: a) +0 arbalest
Press: ? - help, Shift-Dir - straight line, f/p - minotaur
Aim: a minotaur, wielding the +10 morningstar "Eos" {elec, Halo rElec}, wearing a +0 plate armour and quivering javelins (almost dead, extremely poisoned, haloed, 82% to hit)
You shoot a bolt. The bolt barely misses the minotaur.
The minotaur completely misses you. You block the minotaur's attack.
* * * LOW HITPOINT WARNING * * *
You are electrocuted!
You die...

Skill      XL: |  1  2  3  4  5  6  7  8  9 10 11 |
---------------+----------------------------------+-----
Stealth        | 1 2 4 5 |  5.0
Fighting       | 2 3 4 5 7 8 9 |  9.3
Dodging        | 2 3 4 5 6 |  6.7
Ranged Weapons | 4 5 6 7 8 10 12 13 | 13.2

Action                     |  1- 3 |  4- 6 |  7- 9 | 10-12 || total
---------------------------+-------+-------+-------+-------++-------
  Melee: Shortbow          |       |     2 |       |       ||     2
   Fire: Shortbow          |   162 |   135 |   323 |       ||   620
         Orcbow            |       |       |   207 |   337 ||   544
         Arbalest          |       |       |       |    24 ||    24
  Evoke: Wand              |       |       |       |     3 ||     3
    Use: Scroll            |     3 |     8 |    10 |    10 ||    31
         Potion            |       |       |     1 |    15 ||    16
 Armour: Leather armour    |    36 |    43 |   179 |   129 ||   387
         Skin              |       |       |       |     6 ||     6
  Dodge: Dodged            |    47 |    39 |   213 |   179 ||   478
  Block: Other             |       |       |       |     3 ||     3

Levels and vault maps discovered:
D:1:      saegor_arrival_simple_d, layout_basic, serial_bayou_pond_d
D:2:      kennysheep_big_flooded_room, layout_loops_ring, basic_altar
D:3:      layout_loops_cross, nicolae_qazlal_scattered_showers,
          nicolae_hepliaklqana_ecumenical_no_more, mainiacjoe_overflow_swirl
D:4:      layout_cave_pods, minmay_temple_entry_butterflies,
          minmay_misc_feat_nine_boxes
D:5:      layout_basic, grunt_temple_overflow_cloverleaf, uniq_menkaure
D:6:      layout_rooms, mainiacjoe_overflow_tiny_flanked, enter_ossuary_4,
          nicolae_shop_clearance
D:7:      layout_basic
D:8:      layout_basic, gammafunk_ghost_hydra_chop
D:9:      layout_loops_ring
D:10:     layout_gridville, hellmonk_lair_entry_icy, enter_bailey_5,
          uniq_josephine
Lair:1:   layout_regular_city, gammafunk_ghost_wrathful_warriors,
          gauntlet_entry_generic, st_stairs_9, uniq_gastronok
Gauntlet: gammafunk_gauntlet_77_escape_option [minmay_gauntlet_arena_77_mess,
          minmay_gauntlet_arena_77_hold_the_fort,
          minmay_gauntlet_arena_77_broken_ladder,
          minmay_gauntlet_arena_77_cramped, minmay_gauntlet_arena_77_mirror,
          gauntlet_exit_watery]

Notes
Turn   | Place    | Note
-------+----------+-------------------------------------------
     0 | D:1      | Ruich the Demigod Hunter began the quest for the Orb.
     0 | D:1      | Reached XP level 1. HP: 17/17 MP: 3/3
    91 | D:1      | Reached skill level 1 in Stealth
   210 | D:1      | Reached XP level 2. HP: 18/24 MP: 4/4
   213 | D:1      | Reached skill level 2 in Fighting
   213 | D:1      | Reached skill level 2 in Dodging
   435 | D:1      | Reached skill level 4 in Ranged Weapons
  1204 | D:2      | Reached XP level 3. HP: 26/29 MP: 5/5
  1973 | D:3      | Identified the +11 quarterstaff "Ysynny" {antimagic, Will+
                  | Str+6}
  2165 | D:3      | Reached XP level 4. HP: 32/37 MP: 4/6
  2337 | D:3      | Reached skill level 2 in Stealth
  2722 | D:4      | Identified a scroll of acquirement
  2722 | D:4      | Acquired the scarf "Alusm" {rC+ rF+, Regen+}
  3082 | D:4      | Found a staircase to the Ecumenical Temple.
  3112 | D:4      | Reached XP level 5. HP: 42/42 MP: 7/7
  3152 | D:4      | Reached skill level 5 in Ranged Weapons
  3159 | D:4      | Reached skill level 3 in Fighting
  3159 | D:4      | Reached skill level 3 in Dodging
  3804 | D:5      | Entered Level 5 of the Dungeon
  3849 | D:5      | Reached XP level 6. HP: 51/51 MP: 6/8
  4371 | D:5      | Noticed Menkaure
  4378 | D:5      | Killed Menkaure
  4379 | D:5      | Reached skill level 6 in Ranged Weapons
  4379 | D:5      | Reached XP level 7. HP: 42/58 MP: 5/9
  4456 | D:5      | Reached skill level 4 in Fighting
  4456 | D:5      | Reached skill level 4 in Dodging
  4807 | D:6      | Found a sand-covered staircase.
  4822 | Ossuary  | Entered an ossuary
  4842 | Ossuary  | Reached skill level 7 in Ranged Weapons
  5077 | Ossuary  | Reached XP level 8. HP: 67/67 MP: 10/10
  5728 | Ossuary  | Reached skill level 5 in Fighting
  5728 | Ossuary  | Reached skill level 5 in Dodging
  5986 | D:6      | Reached skill level 8 in Ranged Weapons
  6321 | D:6      | Found Kiah's CLEARANCE SALE!.
  7052 | D:7      | Reached XP level 9. HP: 75/75 MP: 11/11
  7370 | D:7      | Reached skill level 9 in Ranged Weapons
  7541 | D:6      | Bought a scroll of acquirement for 260 gold pieces
  7542 | D:6      | Acquired the ring "Wunamme" {^Drain rPois rF+ rC- Str+8}
  7648 | D:8      | Reached skill level 6 in Fighting
  7653 | D:8      | Reached skill level 6 in Dodging
  8113 | D:8      | Reached skill level 3 in Stealth
  8119 | D:8      | Reached skill level 10 in Ranged Weapons
  8171 | D:8      | Found a runed translucent gate.
  8172 | D:8      | Found a runed translucent gate.
  8173 | D:8      | Found a runed translucent gate.
  8173 | D:8      | Noticed a nine-headed hydra
  8174 | D:8      | Noticed KSaturn's ghost (journeyman FoEE)
  8471 | D:9      | Reached skill level 7 in Fighting
  8619 | D:9      | Reached skill level 4 in Stealth
  8627 | D:9      | Reached XP level 10. HP: 62/84 MP: 9/13
  9426 | D:10     | Entered Level 10 of the Dungeon
  9473 | D:10     | Found a staircase to the Orcish Mines.
  9488 | D:10     | Reached skill level 11 in Ranged Weapons
  9499 | D:10     | Reached skill level 5 in Stealth
  9520 | D:10     | Found a staircase to the Lair.
  9602 | D:10     | Found a flagged portal.
  9616 | Bailey   | Entered a bailey
  9670 | Bailey   | Identified a +0 crystal plate armour
  9752 | Bailey   | Noticed an orc knight
  9814 | Bailey   | Killed an orc knight
  9815 | Bailey   | Reached skill level 8 in Fighting
  9893 | Bailey   | Identified the +9 plate armour of Alujeik {-Cast rPois
                  | Dex+7 Stlth+}
 10054 | D:10     | Noticed a two-headed ogre
 10061 | D:10     | Killed a two-headed ogre
 10062 | D:10     | Reached skill level 12 in Ranged Weapons
 10262 | D:10     | Noticed Josephine
 10274 | D:10     | Reached XP level 11. HP: 95/95 MP: 12/14
 10645 | D:10     | Killed Josephine
 11012 | Lair:1   | Entered Level 1 of the Lair of Beasts
 11026 | Lair:1   | Noticed a spriggan rider
 11083 | Lair:1   | Found a gate leading to a gauntlet.
 11096 | Gauntlet | Entered a Gauntlet
 11096 | Gauntlet | Found a transporter.
 11097 | Gauntlet | Noticed a soul eater
 11105 | Gauntlet | Found a transporter.
 11107 | Gauntlet | Found a transporter.
 11108 | Gauntlet | Found a transporter.
 11116 | Gauntlet | Found a transporter.
 11119 | Gauntlet | Found a transporter.
 11120 | Gauntlet | Found a transporter.
 11125 | Gauntlet | Noticed a death scarab
 11125 | Gauntlet | Noticed a death scarab
 11128 | Gauntlet | Found a transporter.
 11131 | Gauntlet | Found a transporter.
 11132 | Gauntlet | Found a transporter.
 11136 | Gauntlet | Found a runed translucent door.
 11138 | Gauntlet | Found a runed translucent door.
 11140 | Gauntlet | Found a transporter.
 11143 | Gauntlet | Found a transporter.
 11144 | Gauntlet | Found a transporter.
 11150 | Gauntlet | Noticed a blizzard demon
 11152 | Gauntlet | Found a transporter.
 11179 | Gauntlet | Noticed a lightning spire
 11307 | Gauntlet | Killed a death scarab
 11308 | Gauntlet | Reached skill level 9 in Fighting
 11308 | Gauntlet | Killed a death scarab
 11309 | Gauntlet | Reached skill level 13 in Ranged Weapons
 11588 | Gauntlet | Killed a lightning spire
 11599 | Gauntlet | Identified the amulet "Plog" {Reflect Str-4 Int+8 SH+5
                  | SInv}
 11636 | Gauntlet | Noticed a minotaur
 11662 | Gauntlet | Gained mutation: You are frail. (-10% HP) [potion of
                  | mutation]
 11667 | Gauntlet | HP: 12/130 [minotaur/the +10 morningstar "Eos" {elec, Halo
                  | rElec} (20)]
 11667 | Gauntlet | Slain by a minotaur

Vanquished Creatures
  Josephine (D:10)
  2 death scarabs (Gauntlet)
  A two-headed ogre (D:10)
  A spectral death yak (Gauntlet)
  An orc knight (Bailey)
  A lightning spire (Gauntlet)
  A rime drake (D:10)
  A komodo dragon (Lair:1)
  A troll (D:10)
  A raiju (Gauntlet)
  A spectral black mamba (Gauntlet)
  7 wraiths
  11 yaks
  A spectral komodo dragon (Gauntlet)
  4 vampire mosquitoes (D:8)
  Menkaure (D:5)
  A spectral torpor snail (Gauntlet)
  2 black bears
  5 ice beasts
  12 orc warriors
  2 sky beasts
  An ogre (D:5)
  A phantom (D:6)
  5 wolves
  3 centaurs (D:7)
  2 kobold brigands
  5 scorpions (Ossuary)
  5 bullfrogs
  A gnoll sergeant (D:6)
  8 wights
  3 howler monkeys (D:9)
  A centaur zombie (Ossuary)
  3 human zombies (Ossuary)
  7 orc priests
  4 bombardier beetles
  2 jellies
  2 hounds
  3 sleepcaps
  An iguana (D:5)
  10 orc wizards
  3 scorpion zombies (Ossuary)
  3 mummies (Ossuary)
  3 adders
  4 gnolls
  A shadow imp (D:7)
  4 ufetubi
  5 adder zombies (Ossuary)
  A dart slug (D:2)
  A ribbon worm (D:2)
  43 orcs
  4 bats
  6 endoplasms
  3 giant cockroaches
  3 gnoll zombies (Ossuary)
  7 goblins
  4 hobgoblins
  6 jackals
  8 quokkas
  8 ball pythons
  3 ball python zombies (Ossuary)
  3 frilled lizards
  A jackal zombie (Ossuary)
  15 kobolds
  2 orc zombies (Ossuary)
  2 quokka zombies (D:6)
  5 rats
273 creatures vanquished.

Table legend: (Time is in decaauts)
 A = Elapsed time spent in this place.
 B = Non-inter-level travel time spent in this place.
 C = Inter-level travel time spent in this place.
 D = Time resting spent in this place.
 E = Time spent auto-exploring this place.
 F = Levels seen in this place.
 G = Mean time per level.
                   A        B        C        D        E       F      G
               +--------+--------+--------+--------+--------+-----+--------+
         Total |  11835 |  11492 |    343 |   2468 |   5655 |  14 |  845.4 |
       Dungeon |   9643 |   9300 |    343 |   1446 |   5638 |  10 |  964.3 |
          Lair |     81 |     81 |      0 |      2 |      0 |   1 |   81.0 |
       Ossuary |   1106 |   1106 |      0 |    655 |      0 |   1 | 1106.0 |
        Bailey |    427 |    427 |      0 |     91 |     17 |   1 |  427.0 |
      Gauntlet |    576 |    576 |      0 |    274 |      0 |   1 |  576.0 |
               +--------+--------+--------+--------+--------+-----+--------+

Top non-repeatable levels by time:
    D:10: 1207 daAuts
 Ossuary: 1106 daAuts
     D:1: 1102 daAuts
     D:4: 1093 daAuts
     D:9: 1007 daAuts
     D:6: 933 daAuts
     D:7: 929 daAuts
     D:5: 909 daAuts
     D:2: 874 daAuts
     D:8: 797 daAuts
     D:3: 787 daAuts
Gauntlet: 576 daAuts
  Bailey: 427 daAuts
  Lair:1: 81 daAuts

Table legend:
 A = Non-vault XP
 B = Vault XP
 C = Vault XP percentage of total XP
 D = Non-vault monster count
 E = Vault monster count
 F = Vault count percentage of total count
                 A         B        C        D         E       F
            +---------+---------+-------+---------+---------+-------
      Total |    9723 |    9667 |  49.9 |     194 |      79 |  28.9
            +---------+---------+-------+---------+---------+-------
        D:1 |      42 |       0 |   0.0 |      18 |       0 |   0.0
        D:2 |      30 |      14 |  31.8 |      15 |       2 |  11.8
        D:3 |      99 |       0 |   0.0 |      23 |       0 |   0.0
        D:4 |     228 |       0 |   0.0 |      13 |       0 |   0.0
        D:5 |     490 |     172 |  26.0 |      14 |       1 |   6.7
        D:6 |     852 |       2 |   0.2 |      31 |       2 |   6.1
        D:7 |     912 |       0 |   0.0 |      18 |       0 |   0.0
        D:8 |    2112 |       0 |   0.0 |      26 |       0 |   0.0
        D:9 |    2454 |       0 |   0.0 |      22 |       0 |   0.0
       D:10 |    1795 |    3084 |  63.2 |      10 |      17 |  63.0
     Lair:1 |     709 |       0 |   0.0 |       4 |       0 |   0.0
    Ossuary |       0 |     791 | 100.0 |       0 |      29 | 100.0
     Bailey |       0 |    1821 | 100.0 |       0 |      20 | 100.0
   Gauntlet |       0 |    3783 | 100.0 |       0 |       8 | 100.0
            +---------+---------+-------+---------+---------+-------
